 Dungeon Crawl Stone Soup version 0.28.0-53-g5a82cb258f (webtiles) character file.

Game seed: 9985356856438827356

1964 Dadi the Basher (level 9, 0/57 HPs)
             Began as a Gargoyle Fighter on June 20, 2022.
             Was a Believer of Okawaru.
             Slain by a killer bee (7 damage)
             ... on level 7 of the Dungeon.
             The game lasted 00:13:57 (9802 turns).

Dadi the Basher (Gargoyle Fighter)                  Turns: 9802, Time: 00:13:58

Health: 0/57       AC: 12    Str: 24    XL:     9   Next: 19%
Magic:  12/12      EV: 10    Int:  9    God:    Okawaru [**....]
Gold:   335        SH:  4    Dex:  9    Spells: 8/8 levels left

rFire   . . .      SeeInvis .   z - +2 morningstar (freeze)
rCold   . . .      Faith    .   c - +0 buckler
rNeg    + . .      Spirit   .   A - +0 steam dragon scales
rPois   ∞          Reflect  .   (no helmet)
rElec   +          Harm     .   (no cloak)
rCorr   .          Rampage  .   (no gloves)
Will    .....                   (no boots)
Stlth   +.........              (no amulet)
HPRegen 0.19/turn               (no ring)
MPRegen 0.13/turn               (no ring)

@: mighty
A: sickness immunity, AC +6, negative energy resistance 1, electricity
resistance, torment resistance 1, petrification resistance
a: Renounce Religion, Heroism


You were on level 7 of the Dungeon.
You worshipped Okawaru.
Okawaru was pleased with you.
You visited 2 branches of the dungeon, and saw 9 of its levels.
You also visited: Sewer.

You collected 335 gold pieces.

Inventory:

Hand Weapons
 a - a +1 flail
 x - a +0 whip
 z - a +2 morningstar of freezing (weapon)
Armour
 b - a +0 scale mail
 c - a +0 buckler (worn)
 A - +0 steam dragon scales (worn)
Wands
 r - a wand of flame (48)
 w - a wand of iceblast (15)
Scrolls
 g - 2 scrolls of vulnerability
 h - a scroll of noise
 i - 6 scrolls of teleportation {unknown}
 j - 2 scrolls of enchant weapon
 k - 2 scrolls of immolation {unknown}
 n - a scroll of blinking
 o - 6 scrolls of identify {unknown}
 q - a scroll of summoning {unknown}
 s - a scroll of holy word {unknown}
 u - 4 scrolls of amnesia {unknown}
 v - a scroll of magic mapping
 y - a scroll of enchant armour {unknown}
Potions
 d - 4 potions of might
 e - 2 potions of curing
 f - a potion of cancellation {unknown}
 l - 2 potions of heal wounds {unknown}
 m - a potion of flight {unknown}
 p - 3 potions of lignification {unknown}
 t - 2 potions of mutation {unknown}


   Skills:
 + Level 7.5 Fighting
 - Level 9.0 Maces & Flails
 - Level 3.2 Armour
 - Level 3.2 Shields
 + Level 5.0 Invocations


You had 8 spell levels left.
You didn't know any spells.
Your spell library contained the following spells:

 Spells                   Type           Power      Damage    Failure   Level
 Magic Dart               Conj           0%         1d3       47%         1
 Corpse Rot               Necr/Air       0%         N/A       63%         2
 Dispel Undead            Necr           0%         3d6       99%         4
 Summon Small Mammal      Summ           Unusable   N/A       N/A         1
 Call Canine Familiar     Summ           Unusable   N/A       N/A         3
 Summon Guardian Golem    Hex/Summ       Unusable   N/A       N/A         3
 Death Channel            Necr           Unusable   N/A       N/A         6

Dungeon Overview and Level Annotations

Branches:
Dungeon (8/15)             Temple (1/1) D:5           Sewer (visited)
   Lair: D:8-11

Altars:
Ashenzari
Cheibriados
Dithmenos
Elyvilon
Fedhas
Gozag
Hepliaklqana
Kikubaaqudgha
Makhleb
Okawaru
Qazlal
Sif Muna
Trog
Uskayaw
Vehumet
Wu Jian
Xom
The Shining One

Shops:
D:1 ?   D:3 (   D:4 *


Innate Abilities, Weirdness & Mutations

You are immune to sickness and miasma.
Your stone body is resilient. (AC +6)
You are immune to poison.
You resist negative energy. (rN+)
You are resistant to electric shocks. (rElec)
You are resistant to unholy torment.
You are immune to petrification.


Message History

The centaur kicks you but does no damage.
The centaur zaps a wand.
You easily resist.
The killer bee stings you but does no damage.
The centaur barely misses you.
Things that are here:
a +0 flail; a +0 robe A killer bee comes into view.
The killer bee buzzes angrily.
The killer bee stings you but does no damage. x2
There is an escape hatch in the ceiling here.
You block the killer bee's attack. The killer bee stings you.
The centaur hits you from afar with a +0 trident!
The killer bee stings you. The killer bee misses you.
The centaur closely misses you. A mysterious force pulls you upwards.
The hatch slams shut behind you.
You miss the killer bee.
The killer bee stings you but does no damage.
The killer bee stings you!
* * * LOW HITPOINT WARNING * * *
You block the killer bee's attack. The killer bee barely misses you.
You barely miss the killer bee. The killer bee barely misses you. x2
The killer bee stings you but does no damage. x2
You feel very mighty all of a sudden.
The killer bee stings you but does no damage.
The killer bee barely misses you. x3
You closely miss the killer bee. The killer bee stings you.
* * * LOW HITPOINT WARNING * * *
The killer bee closely misses you. The killer bee stings you.
* * * LOW HITPOINT WARNING * * *
The killer bee completely misses you. The killer bee closely misses you.
The killer bee stings you but does no damage.
You barely miss the killer bee. The killer bee stings you!
* * * LOW HITPOINT WARNING * * *
The killer bee stings you.
* * * LOW HITPOINT WARNING * * *
The killer bee stings you but does no damage.
The killer bee barely misses you.
It was a potion of curing.
You feel better. You block the killer bee's attack. x2
The killer bee stings you!
You die...

............#...##.......#
..##'###....#...#######..#
..#....#....#...#.....####
..#....#....#...#.....#
..#....#....#...#.....#
..######....#####.....#
'##...............#####
..#.............yy#
..#.>...........@.#
###...............#########
.....#'#########..........#
.....#......#..#..........#
.....#......'..#..........#
.....#......#..'..........#
.....#......#..#..........#
.....##..#######....<.....#
..#####..##################


You could see 2 killer bees.

Vanquished Creatures
  A steam dragon (D:6)
  A water moccasin (D:7)
  Duvessa (D:4)
  A sky beast (D:6)
  An ogre (D:5)
  A phantom (D:5)
  3 bullfrogs (D:7)
  2 scorpions
  Dowan (D:4)
  A water moccasin skeleton (D:4)
  5 wights (D:8)
  4 crimson imps (D:3)
  A centaur skeleton (D:7)
  A hound (D:5)
  A bullfrog skeleton (D:7)
  2 gnoll shamans
  An orc wizard (D:2)
  Ijyb (D:4)
  2 iguanas
  A killer bee zombie (D:7)
  A hound skeleton (D:5)
  A howler monkey zombie (D:7)
  2 howler monkey skeletons
  12 adders
  12 gnolls
  2 white imps (D:6)
  An ufetubus (D:6)
  4 dart slugs
  4 orcs
  6 endoplasms
  3 giant cockroaches
  8 hobgoblins
  2 jackals (D:1)
  6 kobolds
  A quokka (D:4)
  6 ball pythons
  4 bats
  12 frilled lizards
  17 goblins
  2 rats (D:2)
138 creatures vanquished.

Vanquished Creatures (others)
  A human (D:5)
  4 toadstools (D:1)
5 creatures vanquished.

Grand Total: 143 creatures vanquished

Notes
Turn   | Place    | Note
-------+----------+-------------------------------------------
     0 | D:1      | Dadi the Gargoyle Fighter began the quest for the Orb.
     0 | D:1      | Reached XP level 1. HP: 14/14 MP: 1/1
   201 | D:1      | Reached XP level 2. HP: 12/19 MP: 2/2
   450 | D:1      | Found a faded altar of an unknown god.
   454 | D:1      | Got Plato's Volume of Conjuration
   498 | D:1      | Reached skill level 3 in Maces & Flails
   806 | D:1      | Found Tiheen Udes's Magic Scroll Emporium.
  1041 | D:2      | Reached XP level 3. HP: 23/23 MP: 3/3
  1269 | D:2      | Reached skill level 4 in Maces & Flails
  1269 | D:2      | Reached XP level 4. HP: 11/28 MP: 4/4
  1906 | D:3      | Found Fidav's Antique Weapon Emporium.
  2350 | D:3      | Reached skill level 5 in Maces & Flails
  2350 | D:3      | Reached XP level 5. HP: 8/32 MP: 5/5
  2736 | D:3      | Found a shimmering altar of Xom.
  2778 | D:3      | Reached skill level 6 in Maces & Flails
  2778 | D:3      | Reached XP level 6. HP: 20/37 MP: 4/6
  3027 | D:3      | Found a radiant altar of Vehumet.
  3466 | D:4      | Found an opulent altar of Gozag.
  3556 | D:4      | Found Paodwoig's Assorted Antiques.
  3570 | D:4      | Noticed Duvessa
  3570 | D:4      | Noticed Dowan
  3584 | D:5      | Entered Level 5 of the Dungeon
  3655 | D:5      | Identified the +2 robe "Totharghadd" {rPois Str-3 Int+7}
  3793 | D:5      | Found a glowing drain.
  3823 | D:5      | Reached skill level 7 in Maces & Flails
  3838 | Sewer    | Entered a sewer
  4128 | Sewer    | Reached XP level 7. HP: 41/41 MP: 7/7
  4363 | D:5      | Found a staircase to the Ecumenical Temple.
  4438 | Temple   | Entered the Ecumenical Temple
  4502 | Temple   | Became a worshipper of Warmaster Okawaru
  4934 | D:5      | Found a white marble altar of Elyvilon.
  5269 | D:5      | Reached skill level 8 in Maces & Flails
  5324 | D:5      | Found an ancient bone altar of Kikubaaqudgha.
  5325 | D:5      | Noticed a human
  5327 | D:5      | Killed a human
  6033 | D:6      | Noticed a steam dragon
  6292 | D:4      | Noticed Ijyb
  6304 | D:4      | Killed Ijyb
  6395 | D:4      | Found a burning altar of Makhleb.
  6725 | D:4      | Killed Duvessa
  6726 | D:4      | Reached XP level 8. HP: 45/48 MP: 8/8
  6738 | D:4      | Killed Dowan
  6738 | D:4      | Reached * piety under Okawaru
  6739 | D:4      | Reached skill level 9 in Maces & Flails
  7652 | D:6      | Reached skill level 5 in Fighting
  7915 | D:7      | Found a shadowy altar of Dithmenos.
  8268 | D:7      | Reached skill level 1 in Invocations
  8532 | D:7      | Found a shimmering blue altar of Sif Muna.
  9565 | D:6      | Reached ** piety under Okawaru
  9566 | D:6      | Reached XP level 9. HP: 51/57 MP: 12/12
  9638 | D:8      | Noticed a hornet
  9721 | D:8      | Reached skill level 5 in Invocations
  9789 | D:8      | Found a hide-covered altar of Uskayaw.
  9801 | D:7      | HP: 1/57 [killer bee (2)]
  9802 | D:7      | Slain by a killer bee

Illustrated notes

Levels and vault maps discovered:
D:1:      lightli_arrival_statuegarden, layout_basic, serial_shops, shop,
          shapermc_ecumenical_altar_rom_forum, minmay_gold_behind_fungi
D:2:      layout_rooms, minivault_25, grunt_ministairs_11,
          kennysheep_generic_room_10
D:3:      layout_basic, vehumet_altar_wand_db, led_xom_imps, serial_shops, shop,
          minmay_goblin_outpost
D:4:      layout_cave_pods, nicolae_gozag_seed_capital,
          mainiacjoe_overflow_six_doors_small, serial_shops, shop,
          minmay_misc_feat_rugged, st_stairs_9, uniq_ijyb, uniq_duvessa
D:5:      layout_loops_corners, tgw_kikubaaqudgha, marbit_many_paths,
          minmay_temple_entry_offerings, gup_sewer_entry_glass
D:6:      layout_basic
D:7:      layout_gridville, mainiacjoe_overflow_24_doors, lemuel_round_altar
D:8:      layout_rooms, nicolae_ru_great_annihilating_truth,
          eat_drink_and_be_merry_uskayaw, lemuel_zombie_altar_yredelemnul,
          zin_scriptorium
Temple:   compressed_dpeg_triangle_lava_temple

Skill      XL: |  1  2  3  4  5  6  7  8  9 |
---------------+----------------------------+-----
Maces & Flails | 3 4 5 6 7 8 9 |  9.0
Fighting       | 7 |  7.5
Invocations    | 4 5 |  5.0
Armour         | |  3.2
Shields        | |  3.2

Action                   |  1- 3 |  4- 6 |  7- 9 || total
-------------------------+-------+-------+-------++-------
Melee: Flail             |    84 |   206 |   214 ||   504
       Morningstar       |       |       |    63 ||    63
Evoke: Wand              |       |       |     9 ||     9
  Use: Scroll            |       |     7 |       ||     7
       Potion            |       |       |     2 ||     2
Armor: Scale mail        |    55 |   109 |   116 ||   280
       Steam dragon scal |       |       |    19 ||    19
Dodge: Dodged            |    38 |    90 |   122 ||   250
Block: Buckler           |    16 |    38 |    55 ||   109
